 Dungeon Crawl Stone Soup version 0.22-a0-99-g1ac4c55 (webtiles) character file.

40 zeke the Covered (level 3, 0/33 HPs)
             Began as a Minotaur Fighter on Jan 26, 2018.
             Slain by a gnoll
             ... wielding a +0 club
              (2 damage)
             ... on level 2 of the Dungeon.
             The game lasted 00:01:46 (694 turns).

zeke the Covered (Minotaur Fighter)                  Turns: 694, Time: 00:01:46

Health: 0/33       AC:  7    Str: 21    XL:     3   Next: 30%
Magic:  2/2        EV:  7    Int:  5    God:
Gold:   49         SH:  9    Dex:  9    Spells: 2/2 levels left

rFire    + . .     SeeInvis .   a - +0 war axe
rCold    x . .     Gourm    .   c - +0 shield
rNeg     . . .     Faith    +   b - +0 scale mail
rPois    .         Spirit   .   (helmet restricted)
rElec    .         Reflect  .   (no cloak)
rCorr    .         Harm     .   (no gloves)
MR       .....                  (no boots)
Stlth    ..........             i - amulet of faith
HPRegen  0.11/turn              e - ring of fire
MPRegen  0.08/turn              (no ring)

@: no status effects
A: retaliatory headbutt, horns 2
a: no special abilities


You were on level 2 of the Dungeon.
You were not hungry.

You visited 1 branch of the dungeon, and saw 2 of its levels.

You collected 49 gold pieces.

Inventory:

Hand Weapons
 a - a +0 war axe (weapon)
Armour
 b - a +0 scale mail (worn)
 c - a +0 shield (worn)
Jewellery
 e - a ring of fire (left hand)
 i - an amulet of faith (around neck)
Scrolls
 h - a scroll of teleportation {unknown}
 j - a scroll of remove curse
Potions
 d - a potion of might
 k - a potion of flight
Comestibles
 f - a ration


   Skills:
 + Level 3.8 Fighting
 * Level 3.2 Axes
 + Level 4.2 Armour
 + Level 0.1 Dodging
 + Level 4.2 Shields


You had 2 spell levels left.
You didn't know any spells.

Dungeon Overview and Level Annotations

Branches:
Dungeon (2/15)

Altars:


Innate Abilities, Weirdness & Mutations

You reflexively headbutt those who attack you in melee.
You have a pair of horns on your head.


Message History

a flail of holy wrath; a gnoll corpse You closely miss the gnoll.
You headbutt the gnoll!
The gnoll is almost dead.
You closely miss the gnoll. You block the gnoll's attack.
The gnoll hits you with a spear.
* * * LOW HITPOINT WARNING * * *
The gnoll hits you with a club.
* * * LOW HITPOINT WARNING * * *
You block the gnoll's attack.
You barely miss the gnoll. Your headbutt misses the gnoll.
The gnoll is almost dead.
You hit the gnoll. You block the gnoll's attack.
The gnoll hits you but does no damage.
Unknown command.
Your shield prevents you from hitting the gnoll.
The gnoll is almost dead.
You barely miss the gnoll. The gnoll hits you with a spear.
* * * LOW HITPOINT WARNING * * *
The gnoll hits you with a club.
You die...

#.# #.# ..
#.# .# #.#
..# #.#
...#
#.####...##
#....r.....
###.g..#.##
#@)......
#g.######
#..# #..#
#..# #..#
#..# #..#


You could see 2 gnolls and a rat.

Vanquished Creatures
  2 gnolls (D:2)
  A dart slug (D:1)
  2 bats
  4 hobgoblins (D:1)
  2 jackals (D:1)
  2 frilled lizards
  2 kobolds (D:1)
  7 rats (D:1)
22 creatures vanquished.

Notes
Turn   | Place    | Note
-------+----------+-------------------------------------------
     0 | D:1      | zeke the Minotaur Fighter began the quest for the Orb.
     0 | D:1      | Reached XP level 1. HP: 19/19 MP: 0/0
   227 | D:1      | Reached XP level 2. HP: 27/27 MP: 1/1
   688 | D:2      | Reached XP level 3. HP: 21/33 MP: 2/2
   694 | D:2      | Slain by a gnoll

Vault maps used:
D:1:      minmay_arrival_nine_rooms
D:2:      grunt_dithmenos_smoke, uniq_robin

Skill      XL: |  1  2  3 |
---------------+----------+-----
Armour         | 4 |  4.2
Axes           | 3 |  3.2
Shields        | 4 |  4.2
Fighting       | |  3.8
Dodging        | |  0.1

Action                   || total
-------------------------++-------
Melee: War axe           ||    39
       Headbutt          ||     5
  Use: Potion            ||     3
       Scroll            ||     1
Armor: Scale mail        ||    14
Dodge: Dodged            ||    13
Block: Shield            ||    28

Table legend:
 A = Spawn XP
 B = Non-spawn XP
 C = Spawn XP percentage of total XP
 D = Spawn monster count
 E = Non-spawn monster count
 F = Spawn count percentage of total count
 G = Total turns spent on level
                    A         B        C        D         E        F      G
               +---------+---------+-------+---------+---------+-------+---------
         Total |       0 |      58 |   0.0 |       0 |      22 |   0.0 |   694
               +---------+---------+-------+---------+---------+-------+---------
           D:1 |       0 |      28 |   0.0 |       0 |      18 |   0.0 |   668
           D:2 |       0 |      30 |   0.0 |       0 |       4 |   0.0 |    26
               +---------+---------+-------+---------+---------+-------+---------
